 Dungeon Crawl Stone Soup version 0.31.0-11-ge490571c62 (webtiles) character file.

Game seed: 9561361550876431841

815 Arctor the Magician (level 7, 0/36 HPs)
             Began as a Deep Elf Fire Elementalist on Feb 4, 2024.
             Was an Initiate of Sif Muna.
             Slain by a boulder beetle (19 damage)
             ... on level 6 of the Dungeon.
             The game lasted 00:03:45 (6783 turns).

Arctor the Magician (Deep Elf Fire Elementalist)    Turns: 6783, Time: 00:03:45

Health: 0/36       AC:  6    Str:  4    XL:     7   Next: 62%
Magic:  0/17       EV: 14    Int: 26    God:    Sif Muna [......]
Gold:   155        SH:  0    Dex: 14    Spells: 10/17 levels left

rFire   + . .        o - +0 dagger (venom)
rCold   x . .        (no shield)
rNeg    . . .        a - +0 robe
rPois   .            (no helmet)
rElec   .            (no cloak)
rCorr   .            (no gloves)
SInv    .            (no boots)
Will    .....        j - amulet of guardian spirit
Stlth   +++          c - +4 ring of protection
HPRegen 0.26/turn    r - ring of fire
MPRegen 0.15/turn

%: guardian spirit
@: no status effects
A: clever 1, mutation resistance 1
a: Renounce Religion


You were on level 6 of the Dungeon.
You worshipped Sif Muna.
Sif Muna was noncommittal.
You visited 1 branch of the dungeon, and saw 6 of its levels.

You collected 267 gold pieces.
You spent 112 gold pieces at shops.

Inventory:

Hand Weapons
 g - a +0 short sword of speed
 o - a +0 dagger of venom (weapon)
Armour
 a - a +0 robe (worn)
Jewellery
 c - a +4 ring of protection (left hand)
 h - a +6 ring of dexterity
 j - an amulet of guardian spirit (around neck)
 r - a ring of fire (right hand)
 s - an amulet of reflection
Scrolls
 d - 6 scrolls of identify {unknown}
 e - a scroll of summoning {unknown}
 i - a scroll of noise {unknown}
 k - 4 scrolls of teleportation {unknown}
 m - a scroll of fog {unknown}
 n - a scroll of enchant armour {unknown}
 t - a scroll of poison {unknown}
Potions
 b - a potion of magic
 f - 2 potions of haste {unknown}
 l - 2 potions of heal wounds {unknown}
 p - 3 potions of attraction {unknown}
 q - a potion of resistance {unknown}


   Skills:
 + Level 5.1 Dodging
 + Level 5.4 Stealth
 + Level 5.8 Spellcasting
 + Level 4.2 Conjurations
 + Level 5.3 Fire Magic


You had 10 spell levels left.
You knew the following spells:

 Your Spells              Type           Power      Damage    Failure   Level
a - Foxfire               Conj/Fire      100%       2x1d9     1%          1
b - Scorch                Fire           100%       2d9       1%          2
c - Flame Wave            Conj/Fire      48%        2d12      10%         4

Your spell library contained the following spells:

 Spells                   Type           Power      Damage    Failure   Level
 Inner Flame              Hex/Fire       32%        N/A       7%          3
 Volatile Blastmotes      Fire/Tloc      64%        2d15      7%          3


Dungeon Overview and Level Annotations

Branches:
Dungeon (6/15)
 Temple: D:4-7

Altars:
Cheibriados
Dithmenos
Elyvilon
Ru
Sif Muna
Zin

Shops:
D:3 !


Innate Abilities, Weirdness & Mutations

Your mind is acute. (Int +4, Str/Dex -1)
You are somewhat resistant to further mutation.


Message History

You feel a surge of power!
You conjure some foxfire!
Your foxfire dissipates! x2
p - 3 fuming purple potions (gained 1)
A boulder beetle comes into view.
Found a white marble altar of Elyvilon.
The boulder beetle curls into a ball and begins rolling!
You feel a surge of power!
You conjure some foxfire!
You feel a surge of power!
You conjure some foxfire!
The foxfire hits the boulder beetle but does no damage. x2
A boulder beetle is nearby!
You feel a surge of power!
You conjure some foxfire!
A boulder beetle is nearby!
You feel a surge of power!
You conjure some foxfire!
The foxfire hits the boulder beetle but does no damage.
Your foxfire dissipates!
Unknown command.
You feel a surge of power!
You conjure some foxfire!
The foxfire hits the boulder beetle but does no damage. x2
The boulder beetle closely misses you.
The boulder beetle stops rolling and uncurls.
A boulder beetle is nearby!
You feel a surge of power!
You conjure some foxfire!
The foxfire hits the boulder beetle but does no damage. x2
A gnoll comes into view. It is wielding a +0 flail.
The boulder beetle bites you.
Casting: Foxfire (safe; 1% risk of failure)
Confirm with . or Enter, or press ? or * to list all spells.
You feel a surge of power!
Flames lash the boulder beetle but do no damage.
The gnoll shouts!
Your foxfire dissipates!
The boulder beetle bites you!!
You are too injured to fight recklessly!
Casting: Scorch (safe; 1% risk of failure)
Confirm with . or Enter, or press ? or * to list all spells.
You feel a surge of power!
Flames lash the boulder beetle but do no damage.
The boulder beetle bites you!!
Ouch! That really hurt!
You die...

.# #.##.# #.#.# .#
#.##.### #.#.#.#
.###.##...###.#.#.#
...........##.#.#g#
##.#.####.###.#.#.#
...#.###### #.#.#.#
##.#......# #.#.#.# ###
##.######.###.#§#.#.....
..............§§@.......
##.######.#....§#B......
#.# #........#...... #.#
#........#...... ..#
#........# ..... ..#
#........# ...8. ....
..........# ..._ ##.
........... ....


You could see a boulder beetle and a gnoll.

Vanquished Creatures
  An ice beast (D:5)
  A black bear (D:4)
  A centaur (D:4)
  A scorpion (D:5)
  3 jellies
  2 bombardier beetles (D:5)
  A gnoll bouda (D:5)
  2 hounds (D:5)
  3 iguanas
  7 gnolls
  3 adders
  A ribbon worm (D:3)
  2 dart slugs
  5 orcs
  4 bats
  5 endoplasms
  3 giant cockroaches
  4 goblins
  7 hobgoblins
  2 jackals (D:3)
  2 quokkas
  6 ball pythons
  4 frilled lizards
  7 kobolds
  6 rats
83 creatures vanquished.

Vanquished Creatures (collateral kills)
  2 foxfires (D:1)
2 creatures vanquished.

Vanquished Creatures (others)
  597 foxfires
597 creatures vanquished.

Grand Total: 682 creatures vanquished

Notes
Turn   | Place    | Note
-------+----------+-------------------------------------------
     0 | D:1      | Arctor the Deep Elf Fire Elementalist began the quest for
                  | the Orb.
     0 | D:1      | Reached XP level 1. HP: 10/10 MP: 6/6
   127 | D:1      | Found a faded altar of an unknown god.
   527 | D:1      | Reached XP level 2. HP: 14/15 MP: 2/8
   755 | D:1      | Learned a level 2 spell: Scorch
  1349 | D:2      | Reached XP level 3. HP: 19/19 MP: 3/9
  2062 | D:2      | Reached XP level 4. HP: 24/24 MP: 6/11
  3294 | D:3      | Reached XP level 5. HP: 28/28 MP: 9/13
  3687 | D:3      | Found Istronnoa's Distillery.
  3729 | D:3      | Bought a potion of mutation for 112 gold pieces
  3729 | D:3      | Gained mutation: Your mind is acute. (Int +4, Str/Dex -1)
                  | [potion of mutation]
  3729 | D:3      | Gained mutation: You are somewhat resistant to further
                  | mutation. [potion of mutation]
  3909 | D:3      | Found a snail-covered altar of Cheibriados.
  3945 | D:3      | Found a glowing silver altar of Zin.
  4078 | D:3      | Learned a level 4 spell: Flame Wave
  4423 | D:4      | Noticed a centaur
  4428 | D:4      | Killed a centaur
  4608 | D:4      | Found a shadowy altar of Dithmenos.
  4655 | D:4      | Noticed a black bear
  4662 | D:4      | Killed a black bear
  4663 | D:4      | Reached XP level 6. HP: 32/32 MP: 6/15
  5037 | D:4      | Found a sacrificial altar of Ru.
  5699 | D:5      | Entered Level 5 of the Dungeon
  5717 | D:5      | Reached skill level 5 in Spellcasting
  5864 | D:5      | Reached XP level 7. HP: 36/36 MP: 10/16
  5954 | D:5      | Found a shimmering blue altar of Sif Muna.
  5967 | D:5      | Became a worshipper of Sif Muna the Loreminder
  6047 | D:5      | Reached skill level 5 in Stealth
  6047 | D:5      | Reached skill level 5 in Fire Magic
  6100 | D:5      | Reached skill level 5 in Dodging
  6363 | D:5      | Noticed a yak
  6775 | D:6      | Found a white marble altar of Elyvilon.
  6775 | D:6      | Noticed a boulder beetle
  6783 | D:6      | Slain by a boulder beetle

Illustrated notes

Levels and vault maps discovered:
D:1:      dpeg_arrival_stonehenge_8_columns, layout_basic,
          shapermc_ecumenical_altar_flowoftime,
          nicolae_concentric_dashed_squares_mild
D:2:      layout_basic
D:3:      layout_basic, nicolae_overflow_squiral, serial_shops,
          nicolae_shop_gibbet_a_chance, minmay_three_crescents
D:4:      layout_loops_corners, nicolae_dithmenos_shadow_blocks,
          overflow_temple_1_default
D:5:      layout_basic, mainiacjoe_overflow_24_doors, chequers_jeans,
          lightli_corner_chamber
D:6:      layout_basic, ebering_ghost_sewer_d, hangedman_feature_mirror,
          uniq_duvessa

Skill      XL: |  1  2  3  4  5  6  7 |
---------------+----------------------+-----
Stealth        | 3 4 5 |  5.4
Dodging        | 3 4 5 |  5.1
Conjurations   | 2 3 4 |  4.2
Spellcasting   | 4 5 |  5.8
Fire Magic     | 4 5 |  5.3

Action                     |  1- 3 |  4- 6 |  7- 9 || total
---------------------------+-------+-------+-------++-------
  Melee: Unarmed           |     2 |       |       ||     2
         Short sword       |       |    34 |       ||    34
         Dagger            |       |     1 |     7 ||     8
   Cast: Foxfire           |    98 |   236 |    51 ||   385
         Scorch            |     5 |     6 |    10 ||    21
    Use: Potion            |       |     1 |       ||     1
 Armour: Robe              |     8 |    20 |    10 ||    38
  Dodge: Dodged            |    11 |    45 |     6 ||    62
